 Dungeon Crawl Stone Soup version 0.25-a0-474-ga8a2ee3166 (webtiles) character file.

Game seed: 9436748426249321424, levelgen mode: deterministic

4344 Eurus the Thaumaturge (level 10, -19/71 HPs)
             Began as a Mummy Conjurer on Feb 7, 2020.
             Was a Follower of Ashenzari.
             Demolished by a red ugly thing (34 damage)
             ... on level 9 of the Dungeon.
             The game lasted 00:26:12 (9670 turns).

Eurus the Thaumaturge (Mummy Conjurer)              Turns: 9670, Time: 00:26:13

Health: -19/71     AC:  8    Str: 12    XL:     10   Next: 12%
Magic:  34/38      EV: 10    Int: 18    God:    Ashenzari [*.....]
Gold:   483        SH:  9    Dex: 12    Spells: 24/27 levels left

rFire    x . .     SeeInvis .   u - staff of power (curse)
rCold    + . .     Gourm    .   p - +0 shield
rNeg     + + +     Faith    .   a - +0 troll leather armour {Purgy}
rPois    ∞         Spirit   .   (no helmet)
rElec    .         Reflect  .   g - +2 cloak (curse)
rCorr    .         Harm     .   (no gloves)
MR       +....                  (no boots)
Stlth    +.........             (no amulet)
HPRegen  0.61/turn              c - ring of wizardry (curse)
MPRegen  0.26/turn              (no ring)

@: no status effects
A: no food or potions, fire vulnerability, cold resistance 1, negative energy
resistance 3, torment resistance, unbreathing
a: Curse Item, Scrying, Renounce Religion


You were on level 9 of the Dungeon.
You worshipped Ashenzari.
Ashenzari was aware of your devotion.
You were not hungry.

You visited 2 branches of the dungeon, and saw 10 of its levels.
You also visited: Sewer.

You collected 483 gold pieces.

Inventory:

Armour
 a - a +0 troll leather armour (worn) {Purgy}
 e - a cursed +1 large shield
 g - a cursed +2 cloak (worn)
 i - a cursed +0 pair of boots
 l - a +0 scale mail of positive energy
 p - a +0 shield (worn)
 q - a +2 robe of resistance
Magical Staves
 u - a cursed staff of power (weapon)
Jewellery
 c - a cursed ring of wizardry (left hand)
Wands
 b - a wand of flame (36)
 m - a wand of acid (7)
 v - a wand of digging (3)
 w - a wand of paralysis (11)
Scrolls
 d - 5 scrolls of identify
 f - a scroll of remove curse
 h - 4 scrolls of teleportation
 j - a scroll of enchant armour
 k - 2 scrolls of fog
 n - 2 scrolls of amnesia
 o - 2 scrolls of fear
 r - a scroll of magic mapping
 s - 2 scrolls of enchant weapon
 t - a scroll of vulnerability


   Skills:
 - Level 4.0 Fighting
 + Level 5.0 Armour
 - Level 1.5 Dodging
 - Level 1.5 Stealth
 + Level 5.9 Shields
 + Level 9.2 Spellcasting
 + Level 7.0 Conjurations


You had 24 spell levels left.
You knew the following spells:

 Your Spells              Type           Power        Failure   Level  Hunger
a - Magic Dart            Conj           ####         1%          1    N/A
b - Searing Ray           Conj           ####..       1%          2    N/A

Your spell library contained the following spells:

 Spells                   Type           Power        Failure   Level  Hunger
 Dazzling Flash           Conj/Hex       ###...       10%         3    N/A
 Stone Arrow              Conj/Erth      ###...       10%         3    N/A
 Sandblast                Erth           #.....       14%         1    N/A
 Passwall                 Tmut/Erth      #.......     21%         2    N/A
 Fulminant Prism          Conj/Hex       ###.......   32%         4    N/A
 Iskenderun's Mystic Bla  Conj/Tloc      ###.....     32%         4    N/A
 Petrify                  Tmut/Erth      #.......     77%         4    N/A
 Lee's Rapid Deconstruct  Erth           #.........   98%         5    N/A

Dungeon Overview and Level Annotations

Branches:
Dungeon (9/15)             Temple (1/1) D:4           Sewer (visited)
   Lair: D:8-11         Orc: D:9-12

Altars:
Ashenzari
Cheibriados
Dithmenos
Elyvilon
Fedhas
Gozag
Hepliaklqana
Kikubaaqudgha
Makhleb
Nemelex Xobeh
Okawaru
Qazlal
Ru
Sif Muna
Trog
Uskayaw
Vehumet
Wu Jian
Xom
Yredelemnul
Zin
The Shining One

Shops:
D:4 (*   D:6 [

Annotations:
D:9 Erica


Innate Abilities, Weirdness & Mutations

You do not eat or drink.
Your flesh is vulnerable to fire.
You are immune to poison.
Your flesh is cold resistant. (rC+)
You are immune to negative energy. (rN+++)
You are immune to unholy pain and torment.
You can survive without breathing.


Message History

Casting: Searing Ray (safe; 1% risk of failure)
Confirm with . or Enter, or press ? or * to list all spells.
Aiming: Searing Ray (safe; 1% risk of failure)
Press: ? - help, Shift-Dir - straight line, f - red ugly thing
Aim: a red ugly thing The searing ray hits the red ugly thing!
The red ugly thing is lightly wounded. (Press . to maintain the ray.)
The searing ray hits the red ugly thing!
The red ugly thing is moderately wounded.
The searing ray hits the red ugly thing!
The red ugly thing is heavily wounded.
The red ugly thing tentacle-slaps you!
You are engulfed in flames!!
The fire burns you terribly!
The searing ray hits the red ugly thing!
The red ugly thing is heavily wounded.
You finish channeling your searing ray.
The red ugly thing tentacle-slaps you!
* * * LOW HITPOINT WARNING * * *
You are engulfed in flames!!
The fire burns you terribly!
You die...

######..............#####
###########.##......
#%%..†'....#####
#%....#...##...##
###'###..##..8..##
#.....#!##.......#
#.....#..#..._...#
#######))'(⌠...⌠.#
#.@##.##..)_.[.# ...
#u###÷##.......#
....###.# #)###..8..##
#.....###÷# ##...##
###....##.#########
#...##....#.......# #.##
###..#.....#.# ...
#........#.##### ###
#...............


You could see a red ugly thing.

Vanquished Creatures
  3 hogs (D:9)
  A yak (D:9)
  A wyvern (D:8)
  Grum (D:9)
  A human (D:9)
  Menkaure (D:4)
  2 water moccasins (D:8)
  Purgy (Sewer)
  An ice beast (D:6)
  A phantom (D:6)
  2 orc warriors
  4 wolves (D:9)
  2 centaurs
  5 ogres
  Blork the orc (D:4)
  6 bullfrogs
  3 scorpions
  2 howler monkeys
  2 crimson imps (D:5)
  A centaur zombie (D:5)
  A bullfrog skeleton (D:5)
  3 orc priests
  4 jellies
  Crazy Yiuf (D:5)
  2 hounds
  2 iguanas
  5 orc wizards
  4 worker ants
  2 hound zombies (D:8)
  3 gnolls (D:4)
  5 adders
  4 worms
  5 dart slugs
  A leopard gecko (D:5)
  36 orcs
  9 giant cockroaches
  6 hobgoblins
  13 kobolds
  2 quokkas
  3 ball pythons
  13 bats
  3 frilled lizards
  6 goblins
  2 jackal skeletons
  A jackal zombie (D:5)
  5 rats
182 creatures vanquished.

Notes
Turn   | Place    | Note
-------+----------+-------------------------------------------
     0 | D:1      | Eurus the Mummy Conjurer began the quest for the Orb.
     0 | D:1      | Reached XP level 1. HP: 13/13 MP: 4/4
    44 | D:1      | You fall into a shaft and drop 1 floor!
   187 | D:1      | Reached skill level 3 in Spellcasting
   187 | D:1      | Reached XP level 2. HP: 7/20 MP: 0/6
   461 | D:1      | Reached skill level 1 in Fighting
   468 | D:1      | Learned a level 2 spell: Searing Ray
   850 | D:1      | Reached XP level 3. HP: 26/26 MP: 0/7
   980 | D:2      | Found a blossoming altar of Fedhas.
  1340 | D:2      | Reached skill level 1 in Shields
  1340 | D:2      | Reached XP level 4. HP: 32/33 MP: 4/9
  2033 | D:3      | Noticed an ogre
  2075 | D:3      | Killed an ogre
  2075 | D:3      | Reached skill level 4 in Spellcasting
  2075 | D:3      | Reached XP level 5. HP: 39/39 MP: 2/11
  3293 | D:4      | Found a shadowy altar of Dithmenos.
  3327 | D:4      | Reached XP level 6. HP: 46/46 MP: 8/12
  3371 | D:4      | Found a white marble altar of Elyvilon.
  3373 | D:4      | Found a burning altar of Makhleb.
  3395 | D:4      | Found Ocil Mau's Assorted Antiques.
  3481 | D:4      | Found a hazy altar of Hepliaklqana.
  3486 | D:4      | Found a bloodstained altar of Trog.
  3487 | D:4      | Found an iron altar of Okawaru.
  3788 | D:4      | Noticed Menkaure
  3816 | D:4      | Killed Menkaure
  3816 | D:4      | Reached skill level 5 in Spellcasting
  3909 | D:4      | Reached XP level 7. HP: 51/52 MP: 11/14
  4164 | D:4      | Found Luledgh's Antique Weapon Shoppe.
  4181 | D:4      | Noticed Blork the orc
  4188 | D:4      | Killed Blork the orc
  4354 | D:4      | Found a staircase to the Ecumenical Temple.
  4392 | Temple   | Entered the Ecumenical Temple
  4605 | Temple   | Became a worshipper of Ashenzari the Shackled
  5114 | D:5      | Entered Level 5 of the Dungeon
  5268 | D:5      | Reached skill level 1 in Armour
  5603 | D:5      | Reached skill level 5 in Conjurations
  5817 | D:5      | Found a runed translucent door.
  5818 | D:5      | Noticed Crazy Yiuf
  5824 | D:5      | Killed Crazy Yiuf
  5824 | D:5      | Reached skill level 6 in Spellcasting
  5885 | D:5      | Reached XP level 8. HP: 60/60 MP: 6/17
  6938 | D:6      | Found a glowing drain.
  6960 | Sewer    | Entered a sewer
  7087 | Sewer    | Noticed Purgy
  7096 | Sewer    | Killed Purgy
  7270 | D:6      | Reached skill level 7 in Spellcasting
  7437 | D:6      | Found a sacrificial altar of Ru.
  7622 | D:6      | Reached * piety under Ashenzari
  7680 | D:6      | Found Voqaruc's Armour Emporium.
  7821 | D:6      | Reached XP level 9. HP: 63/65 MP: 13/20
  7880 | D:6      | Found a bloodstained altar of Trog.
  8813 | D:8      | Reached skill level 5 in Shields
  8813 | D:8      | Reached skill level 8 in Spellcasting
  9355 | D:9      | Found an opulent altar of Gozag.
  9355 | D:9      | Found a sparkling altar of Nemelex Xobeh.
  9402 | D:9      | Noticed Grum
  9415 | D:9      | Killed Grum
  9531 | D:9      | Reached skill level 9 in Spellcasting
  9536 | D:9      | Reached XP level 10. HP: 58/71 MP: 23/23
  9573 | D:9      | Reached skill level 5 in Armour
  9647 | D:9      | Noticed Erica
  9661 | D:9      | Noticed a red ugly thing
  9670 | D:9      | Demolished by a red ugly thing

Levels and vault maps discovered:
D:1:      dpeg_arrival_windows_large_door, layout_rooms
D:2:      layout_basic, fedhas_altar_2, first_ration
D:3:      layout_basic
D:4:      layout_loops_ring, kennysheep_little_box, grunt_temple_overflow_open,
          minmay_temple_entry_overgrown, serial_shops, nicolae_shop_trees, shop,
          uniq_menkaure, uniq_blork_the_orc
D:5:      layout_basic, uniq_crazy_yiuf_cottage
D:6:      layout_basic, nicolae_ru_great_annihilating_truth,
          cheibrodos_sewer_entry_sluice, serial_shops, shop, bloody_trog
D:7:      layout_rooms
D:8:      layout_loops_ring
D:9:      layout_rooms, grunt_temple_overflow_opulence, grunt_livestock,
          uniq_erica, uniq_grum, uniq_maurice
Temple:   minmay_temple_bridge_abc

Skill      XL: |  1  2  3  4  5  6  7  8  9 10 |
---------------+-------------------------------+-----
Spellcasting   | 3 4 5 6 7 9 |  9.2
Fighting       | 1 2 3 4 |  4.0
Shields        | 1 2 3 4 5 |  5.9
Conjurations   | 4 5 6 7 |  7.0
Armour         | 1 3 4 5 |  5.0
Dodging        | |  1.5
Stealth        | |  1.5

Action                   |  1- 3 |  4- 6 |  7- 9 | 10-12 || total
-------------------------+-------+-------+-------+-------++-------
Melee: Dagger            |    29 |    30 |       |       ||    59
       Flail             |       |     5 |    29 |       ||    34
       Quarterstaff      |       |       |    15 |       ||    15
       Staff             |       |       |     3 |       ||     3
 Cast: Magic Dart        |    60 |    58 |    56 |     1 ||   175
       Searing Ray       |     1 |    16 |    74 |     4 ||    95
Invok: Curse Item        |       |       |     3 |       ||     3
  Use: Scroll            |       |       |    15 |       ||    15
 Stab: Sleeping          |     1 |     2 |       |       ||     3
       Paralysed         |       |       |     1 |       ||     1
Armor: Robe              |     4 |     1 |    16 |       ||    21
       Troll leather arm |       |       |    17 |     2 ||    19
Dodge: Dodged            |    14 |    35 |    80 |       ||   129
Block: Shield            |       |       |    19 |     2 ||    21

Table legend:
 A = Non-vault XP
 B = Vault XP
 C = Vault XP percentage of total XP
 D = Non-vault monster count
 E = Vault monster count
 F = Vault count percentage of total count
                 A         B        C        D         E       F
            +---------+---------+-------+---------+---------+-------
      Total |    4064 |    2142 |  34.5 |     156 |      26 |  14.3
            +---------+---------+-------+---------+---------+-------
        D:1 |      42 |       0 |   0.0 |      24 |       0 |   0.0
        D:2 |     114 |       0 |   0.0 |      23 |       0 |   0.0
        D:3 |     180 |       0 |   0.0 |      23 |       0 |   0.0
        D:4 |     440 |     285 |  39.3 |      25 |       2 |   7.4
        D:5 |     853 |      41 |   4.6 |      27 |       1 |   3.6
        D:6 |     820 |      19 |   2.3 |      12 |       7 |  36.8
        D:7 |      72 |       0 |   0.0 |       2 |       0 |   0.0
        D:8 |    1085 |       0 |   0.0 |      15 |       0 |   0.0
        D:9 |     458 |    1654 |  78.3 |       5 |      10 |  66.7
      Sewer |       0 |     143 | 100.0 |       0 |       6 | 100.0
            +---------+---------+-------+---------+---------+-------
